 Dungeon Crawl Stone Soup version 0.23-a0-487-gc6253629db (webtiles) character file.

30426 LLavrengius the Fighter (level 13, -4/112 HPs)
             Began as a Formicid Abyssal Knight on Nov 30, 2018.
             Was a High Priest of Lugonu.
             Slain by a black mamba (15 damage)
             ... on level 4 of the Lair of Beasts on Dec 1, 2018.
             The game lasted 01:52:12 (28859 turns).

LLavrengius the Fighter (Formicid Abyssal Knight)  Turns: 28859, Time: 01:52:13

Health: -4/112     AC: 13    Str: 21    XL:     13   Next: 88%
Magic:  19/19      EV: 13    Int: 13    God:    Lugonu [*****.]
Gold:   484        SH:  0    Dex: 12    Spells: 12/12 levels left

rFire    . . .     SeeInvis +   b - +4 hunting sling
rCold    + . .     Gourm    .   (no shield)
rNeg     . . .     Faith    .   N - +1 ring mail "Goxyliy" {rElec Dex+2 Stlth+}
rPois    +         Spirit   .   (helmet unavailable)
rElec    +         Reflect  .   K - +2 cloak {MR+}
rCorr    .         Harm     .   D - +1 pair of gloves
MR       ++...                  (no boots)
Stlth    ++........             J - amulet of magic regeneration
HPRegen  0.28/turn              S - ring of protection from cold
MPRegen  0.41/turn              H - ring of poison resistance

@: no status effects
A: permanent stasis, dig shafts and tunnels, four strong arms, antennae 3
a: Dig, Shaft Self, Depart the Abyss, Bend Space, Banish, Corrupt, Enter the
Abyss, Renounce Religion


You were on level 4 of the Lair of Beasts.
You worshipped Lugonu.
Lugonu was extremely pleased with you.
You were hungry.

You visited 2 branches of the dungeon, and saw 16 of its levels.
You visited the Abyss 1 time.
You also visited: Ice Cave.

You collected 896 gold pieces.
You spent 412 gold pieces at shops.

Inventory:

Hand Weapons
 b - a +4 hunting sling (weapon)
 t - a +4 scimitar
 E - a +0 blowgun
 I - a +1 dagger of venom
Missiles
 f - 187 stones (quivered)
 l - 7 needles of confusion
 s - 98 sling bullets
 y - 186 arrows
 B - 2 throwing nets
 L - 73 bolts
Armour
 e - a +0 chain mail
 D - a +1 pair of gloves (worn)
 K - a +2 cloak of magic resistance (worn)
 N - the +1 ring mail "Goxyliy" (worn) {rElec Dex+2 Stlth+}
   (You found it on level 7 of the Dungeon)

   It affects your dexterity (+2).
   It insulates you from electricity.
   It makes you more stealthy.
Jewellery
 j - an uncursed ring of fire
 H - a ring of poison resistance (right hand)
 J - an amulet of magic regeneration (around neck)
 S - a ring of protection from cold (left hand)
Wands
 a - a wand of flame (20)
 q - a wand of paralysis (17)
 v - a wand of disintegration (4)
 C - a wand of polymorph (4)
 G - a wand of acid (6)
 M - a wand of clouds (6)
 Q - a wand of iceblast (33)
Scrolls
 g - a scroll of magic mapping
 h - 4 scrolls of remove curse
 i - 4 scrolls of identify
 n - 2 scrolls of enchant weapon
 r - 3 scrolls of fog
 u - 5 scrolls of amnesia
 P - a scroll of enchant armour
Potions
 d - a potion of agility
 k - 2 potions of curing
 m - a potion of ambrosia {unknown}
 o - 2 potions of resistance
 p - 2 potions of lignification
 x - 3 potions of mutation
 z - 2 potions of flight
 A - a potion of might {unknown}
 F - a potion of cancellation
 O - 2 potions of brilliance
 R - a potion of degeneration {unknown}
 T - a potion of heal wounds
Comestibles
 c - 10 rations


   Skills:
 + Level 13.6 Fighting
 + Level 10.5 Long Blades
 - Level 12.0 Slings
 - Level 7.0 Armour
 - Level 4.1 Dodging
 + Level 6.1 Invocations
 * Level 8.0 Evocations


You had 12 spell levels left.
You didn't know any spells.
Your spell library contained the following spells:

 Spells                   Type           Power        Failure   Level  Hunger
 Cause Fear               Hex            #.........   99%         4    #####..
 Silence                  Hex/Air        #.........   100%        5    ######.
 Yara's Violent Unravell  Hex/Tmut       #.........   100%        5    ######.
 Deflect Missiles         Chrm/Air       #.........   100%        6    #######
 Discord                  Hex            #.........   100%        8    #######


Dungeon Overview and Level Annotations

Branches:
Dungeon (12/15)            Temple (0/1) D:7            Lair (4/6) D:10
  Swamp (0/4) Lair:4        Snake (0/4) Lair:4          Orc (0/2) D:12

Altars:
Ashenzari
Elyvilon
Makhleb
Qazlal
Wu Jian
Xom

Shops:
D:6 =   D:8 *   D:11 %

Annotations:
Lair:2 1 runed door, Tiugim's ghost, journeyman GrEE


Innate Abilities, Weirdness & Mutations

You cannot be hasted, slowed, berserked, paralysed or teleported.
You can dig through walls and to a lower floor.
Your four strong arms can wield two-handed weapons with a shield.
You have a pair of large antennae on your head. (SInv)


Message History

Aim: a black mamba (translocational energy, moderately wounded)
You shoot a stone.
The stone barely misses the black mamba.
Firing (i - inventory. (/) - cycle)
f - 190 stones (quivered)
Press: ? - help, Shift-Dir - straight line, f/p - black mamba
Aim: a black mamba (moderately wounded)
You shoot a stone. The stone hits the black mamba!
The black mamba is heavily wounded.
Firing (i - inventory. (/) - cycle)
f - 189 stones (quivered)
Press: ? - help, Shift-Dir - straight line, f/p - black mamba
Aim: a black mamba (heavily wounded)
You shoot a stone. The stone hits the black mamba!
The black mamba is severely wounded.
Firing (i - inventory. (/) - cycle)
f - 188 stones (quivered)
Press: ? - help, Shift-Dir - straight line, f/p - black mamba
Aim: a black mamba (severely wounded)
You shoot a stone. The stone hits the black mamba.
The black mamba is almost dead.
The black mamba bites you!
You die...

*,,,,,,,,,*,,***,,**,,* *,,* *,,
**,***,,,,,,,,,,,,,,,** **,** *,,
*,,***,,,.##,,,,,*,,.# *,,,* *,,
,,,**,,,,#...,,***,..## **,,***,,
,,,,,,,,**#..##**##...##*,,*,,,,,
,,,*,**,*###...##.#.....**,**,,,,
,,,,,.#.#PP#....<......#*,,,**,,,
*,,,...................#,,,,,*,,,
*,**#.#..P##P...@...####,,,,,**,,
,** #...P.P...#S..P.##*,,***,,*,,
** *#..P...........?.#*,,,,,,,*,,
* *.....#...(.......#*,,,>,,,*,,
***#.....(.......P#*,,,,,,,*,,
##..#..##...P####*,,***,,*,,
##......###..## **,,,,,**,,
#.!..(..(.#..# *,,,,,*,,,
#........(...# **,,,**,,,


You could see a black mamba.

Vanquished Creatures
  Gastronok (D:8)
  An ice dragon (D:12)
  A hydra (Lair:2)
  A catoblepas (Lair:3)
  A queen ant (D:9)
  3 death yaks
  Pikel (D:7)
  2 deep elf magi
  A manticore (D:11)
  Maurice (D:10)
  Joseph (D:9)
  2 ice statues (IceCv)
  6 spiny frogs
  A torpor snail (Lair:3)
  2 rime drakes
  A komodo dragon (Lair:4)
  5 ice devils (IceCv)
  3 trolls
  2 polar bears (D:12)
  A queen bee (D:9)
  Prince Ribbit (D:8)
  3 hippogriffs
  4 blink frogs (Lair:3)
  A shadow (D:11)
  A vampire (D:11)
  3 wyverns
  23 yaks
  A hungry ghost (D:11)
  Grum (D:9)
  10 soldier ants (D:9)
  2 sky beasts
  4 water moccasins
  7 porcupines
  2 orc warriors
  An eye of draining (D:9)
  3 slaves
  2 black bears
  A phantom (D:8)
  4 ice beasts
  An ogre (D:6)
  4 boggarts
  4 wolves
  2 centaurs
  10 crocodiles
  13 bullfrogs
  A big kobold (D:7)
  A wyvern skeleton (D:6)
  2 scorpions
  26 killer bees
  A howler monkey (D:5)
  5 wights (D:9)
  7 crimson imps
  2 centaur zombies
  A bullfrog zombie (D:10)
  4 hounds
  2 quasits
  7 orc priests
  3 jellies
  16 orc wizards
  3 bullfrog skeletons
  3 centaur skeletons
  3 iguanas
  36 worker ants
  A killer bee zombie (D:9)
  A hound skeleton (D:7)
  A howler monkey zombie (D:7)
  A howler monkey skeleton (D:6)
  17 adders
  3 white imps (IceCv)
  4 ufetubi (IceCv)
  An ooze (D:5)
  3 adder zombies
  A worm (D:2)
  5 dart slugs
  8 leopard geckos
  24 orcs
  2 ball pythons
  7 giant cockroaches
  5 goblins
  5 hobgoblins
  6 jackals
  3 quokkas
  3 bats
  4 frilled lizards
  A giant cockroach zombie (D:5)
  12 kobolds
  A leopard gecko skeleton (D:8)
  4 rats
391 creatures vanquished.

Vanquished Creatures (others)
  6 white imps (IceCv)
  6 ufetubi (IceCv)
  A fungus (Lair:2)
13 creatures vanquished.

Grand Total: 404 creatures vanquished

Notes
Turn   | Place    | Note
-------+----------+-------------------------------------------
     0 | Abyss:1  | LLavrengius the Formicid Abyssal Knight began the quest for
                  | the Orb.
     0 | Abyss:1  | Reached XP level 1. HP: 18/18 MP: 2/2
    52 | Abyss:1  | Noticed an iron imp
    61 | Abyss:1  | Noticed an ancient zyme
    62 | D:1      | Escaped the Abyss
   204 | D:1      | Reached skill level 1 in Dodging
   231 | D:1      | Reached XP level 2. HP: 21/24 MP: 3/3
   282 | D:1      | Reached * piety under Lugonu
   354 | D:1      | Reached XP level 3. HP: 28/29 MP: 4/4
   952 | D:2      | Reached skill level 4 in Fighting
   952 | D:2      | Reached XP level 4. HP: 27/37 MP: 5/5
  1090 | D:2      | Found a burning altar of Makhleb.
  1414 | D:2      | Reached XP level 5. HP: 40/42 MP: 6/6
  2303 | D:3      | Reached ** piety under Lugonu
  2387 | D:3      | Found a shimmering altar of Xom.
  2405 | D:3      | Noticed a centaur
  2417 | D:3      | Killed a centaur
  2417 | D:3      | Reached XP level 6. HP: 31/49 MP: 7/7
  3986 | D:4      | Reached XP level 7. HP: 55/55 MP: 8/8
  4368 | D:5      | Entered Level 5 of the Dungeon
  4473 | D:5      | Reached skill level 5 in Fighting
  4503 | D:5      | Reached skill level 5 in Long Blades
  5231 | D:5      | Reached skill level 1 in Slings
  5231 | D:5      | Reached XP level 8. HP: 63/63 MP: 10/10
  5258 | D:5      | Reached skill level 5 in Armour
  5667 | D:6      | Found Ifunt's Jewellery Shop.
  5687 | D:6      | Bought an uncursed ring of poison resistance for 240 gold
                  | pieces
  5944 | D:6      | Found an ornate altar of the Wu Jian Council.
  6001 | D:6      | Reached *** piety under Lugonu
  6001 | D:6      | Reached skill level 6 in Fighting
  6171 | D:6      | Found a stormy altar of Qazlal.
  6998 | D:7      | Reached XP level 9. HP: 66/71 MP: 12/12
  7013 | D:7      | Reached skill level 7 in Fighting
  7039 | D:7      | Got an ichor-stained ring mail
  7040 | D:7      | Identified the +1 ring mail "Goxyliy" {rElec Dex+2 Stlth+}
                  | (You found it on level 7 of the Dungeon)
  7144 | D:7      | Noticed a hippogriff
  7148 | D:7      | Noticed a troll
  7188 | D:7      | Noticed Pikel
  7437 | D:6      | Killed a hippogriff
  7437 | D:6      | Reached skill level 5 in Slings
  8127 | D:8      | Noticed Gastronok
  8442 | D:7      | Killed a troll
  8442 | D:7      | Reached skill level 8 in Fighting
  8839 | D:7      | Found a white marble altar of Elyvilon.
  8911 | D:7      | Noticed a hippogriff
  8912 | D:7      | Found a staircase to the Ecumenical Temple.
  8922 | D:7      | Killed a hippogriff
  9219 | D:7      | Killed Pikel
  9219 | D:7      | Reached skill level 9 in Fighting
  9219 | D:7      | Reached XP level 10. HP: 80/83 MP: 13/13
  9643 | D:8      | Killed Gastronok
  9643 | D:8      | Reached skill level 10 in Fighting
  9713 | D:8      | Found a shattered altar of Ashenzari.
  9948 | D:8      | Found Hikatuas's General Store.
  9953 | D:8      | Bought a scroll of identify for 30 gold pieces
  9953 | D:8      | Bought a scroll of identify for 30 gold pieces
  9953 | D:8      | Bought a scroll of enchant weapon for 112 gold pieces
 10146 | D:8      | Reached skill level 11 in Fighting
 10146 | D:8      | Reached XP level 11. HP: 76/93 MP: 14/14
 10301 | D:9      | Noticed Joseph
 10301 | D:9      | Noticed Prince Ribbit
 10488 | D:8      | Killed Prince Ribbit
 10636 | D:9      | Killed Joseph
 10636 | D:9      | Reached skill level 10 in Slings
 11154 | D:9      | Reached **** piety under Lugonu
 11170 | D:9      | Reached skill level 5 in Invocations
 12172 | D:9      | Noticed a queen ant
 12193 | D:9      | Killed a queen ant
 12193 | D:9      | Reached skill level 12 in Fighting
 15018 | D:10     | Entered Level 10 of the Dungeon
 15188 | D:10     | Noticed Grum
 15336 | D:9      | Killed Grum
 15603 | D:10     | Noticed Maurice
 15822 | D:10     | Killed Maurice
 15920 | D:10     | Reached ***** piety under Lugonu
 15920 | D:10     | Noticed a death yak
 15923 | D:10     | Noticed a death yak
 15943 | D:10     | Noticed a death yak
 15970 | D:9      | Killed a death yak
 15970 | D:9      | Reached XP level 12. HP: 38/103 MP: 12/15
 17633 | D:10     | Reached skill level 1 in Evocations
 17929 | D:10     | Found a staircase to the Lair.
 17979 | D:10     | Killed a death yak
 17979 | D:10     | Reached skill level 13 in Fighting
 18486 | D:10     | Killed a death yak
 19321 | D:11     | Found Tepuoh's Food Boutique.
 20863 | D:12     | Found a frozen archway.
 20864 | D:12     | Noticed an ice dragon
 20933 | D:12     | Killed an ice dragon
 20933 | D:12     | Reached XP level 13. HP: 40/111 MP: 16/16
 20950 | IceCv    | Entered an ice cave
 23230 | IceCv    | Noticed a reaper
 23369 | IceCv    | HP: 2/111 [reaper/+1 scythe of freezing (13)]
 24141 | D:10     | Upgraded the game from 0.23-a0-483-g32a748b514 to
                  | 0.23-a0-487-gc6253629db
 24689 | Lair:1   | Entered Level 1 of the Lair of Beasts
 24745 | Lair:1   | Reached skill level 5 in Evocations
 25132 | Lair:1   | Reached skill level 10 in Long Blades
 25809 | Lair:2   | Noticed a five-headed hydra
 25827 | Lair:2   | Killed a five-headed hydra
 25929 | Lair:2   | Found a runed door.
 25929 | Lair:2   | Noticed Tiugim's ghost (journeyman GrEE)
 28229 | Lair:3   | Noticed a catoblepas
 28273 | Lair:3   | Killed a catoblepas
 28812 | Lair:4   | Found a staircase to the Swamp.
 28859 | Lair:4   | Slain by a black mamba

Vault maps used:
D:1:      psy_arrival_spokes, minmay_pentomino_u4
D:2:      old_standard_altar
D:3:      lemuel_crystal_altar
D:4:      first_ration
D:6:      nicolae_overflow_hidden_temple, lemuel_round_altar, serial_shops,
          nicolae_shop_stone, fountainhead
D:7:      elyvilon_altar_3, minmay_temple_entry_junction, uniq_pikel
D:8:      ashenzari_altar_1, serial_shops, nicolae_shop_behind_doors,
          uniq_gastronok
D:9:      david_nohive_1, zaba_anthell, uniq_joseph, uniq_prince_ribbit1
D:10:     dpeg_lair_monsters, uniq_grum, uniq_maurice
D:11:     serial_shops, shop, chequers_arboretum, hangedman_decor_riveting,
          roderic_lattice_a
D:12:     minmay_the_grid_triangle_9x9_recursive_2_mashed, special_room,
          portal_ice_cave_entry_animals_and_master, minivault_26, uniq_kirke,
          uniq_erolcha
Lair:2:   gammafunk_ghost_grave, grunt_megastairs_4
Lair:3:   grunt_megastairs_1
Lair:4:   minmay_swamp_entry_reptiles, minmay_snake_entry_guardpost_medium,
          lab_entry_generic
IceCv:    ice_cave_small_demon

Skill      XL: |  1  2  3  4  5  6  7  8  9 10 11 12 13 |
---------------+----------------------------------------+-----
Dodging        | 1 3 4 |  4.1
Armour         | 3 4 5 6 7 |  7.0
Fighting       | 4 5 6 9 11 12 13 | 13.6
Long Blades    | 3 4 5 6 7 9 10 | 10.5
Invocations    | 3 4 5 6 |  6.1
Slings         | 1 4 7 9 11 12 | 12.0
Evocations     | 4 8 |  8.0

Action                   |  1- 3 |  4- 6 |  7- 9 | 10-12 | 13-15 || total
-------------------------+-------+-------+-------+-------+-------++-------
Melee: Falchion          |   161 |   168 |   128 |    28 |       ||   485
       Dagger            |       |       |    71 |   109 |       ||   180
       Scimitar          |       |       |       |   316 |   218 ||   534
 Fire: Hunting sling     |       |    14 |   253 |   685 |   458 ||  1410
Invok: Depart the Abyss  |     1 |       |       |       |       ||     1
       Bend Space        |       |       |    12 |    23 |    19 ||    54
       Banish            |       |       |       |       |     2 ||     2
 Abil: Dig               |       |     4 |     2 |     4 |     7 ||    17
Evoke: Wand              |       |       |     3 |     6 |       ||     9
  Use: Scroll            |       |     1 |     2 |    20 |     3 ||    26
       Potion            |       |       |       |     4 |     2 ||     6
 Stab: Sleeping          |       |       |     1 |       |     1 ||     2
       Invisible         |       |       |       |     2 |       ||     2
  Eat: Chunk             |       |    11 |     9 |    22 |     8 ||    50
       Ration            |       |       |     2 |     5 |     5 ||    12
Armor: Chain mail        |    95 |   104 |   145 |       |       ||   344
       Ring mail         |       |       |    42 |   200 |    83 ||   325
Dodge: Dodged            |    57 |    67 |   143 |   420 |   162 ||   849
       Rpst.: Falchion   |    16 |    24 |     9 |     3 |       ||    52
       Scimitar          |       |       |       |    65 |    36 ||   101

Table legend:
 A = Non-vault XP
 B = Vault XP
 C = Vault XP percentage of total XP
 D = Non-vault monster count
 E = Vault monster count
 F = Vault count percentage of total count
                 A         B        C        D         E       F
            +---------+---------+-------+---------+---------+-------
      Total |   25211 |   18256 |  42.0 |     285 |     103 |  26.5
            +---------+---------+-------+---------+---------+-------
        D:1 |      46 |       8 |  14.8 |      22 |       3 |  12.0
        D:2 |     135 |       0 |   0.0 |      20 |       0 |   0.0
        D:3 |     153 |       0 |   0.0 |      12 |       0 |   0.0
        D:4 |     190 |       0 |   0.0 |      12 |       0 |   0.0
        D:5 |     671 |       0 |   0.0 |      24 |       0 |   0.0
        D:6 |     673 |       0 |   0.0 |      13 |       0 |   0.0
        D:7 |    1554 |     663 |  29.9 |      31 |       1 |   3.1
        D:8 |    1458 |    2559 |  63.7 |      20 |       2 |   9.1
        D:9 |    1496 |    6355 |  80.9 |      17 |      62 |  78.5
       D:10 |    2303 |    2478 |  51.8 |      28 |       6 |  17.6
       D:11 |    3688 |       0 |   0.0 |      31 |       0 |   0.0
       D:12 |     928 |    2509 |  73.0 |       7 |       8 |  53.3
     Lair:1 |    2765 |       0 |   0.0 |      14 |       0 |   0.0
     Lair:2 |    4635 |     321 |   6.5 |      18 |       3 |  14.3
     Lair:3 |    4516 |       0 |   0.0 |      16 |       0 |   0.0
     Lair:4 |       0 |     620 | 100.0 |       0 |       4 | 100.0
      IceCv |       0 |    2743 | 100.0 |       0 |      14 | 100.0
            +---------+---------+-------+---------+---------+-------
